Map: Tokamak LE

Players

ManlyManMeat

  • Race: Zerg Zerg
  • League: Master
  • Spawn Location: 7:00

Renegade - Winner!

  • Race: Protoss Protoss
  • League: Master
  • Spawn Location: 1:00

VOD

Have the link to the VOD?

Description

Time

  • Played on: June 14, 2025, 4:17 p.m.
  • Length: 8:28
Show
View Real Time Build Order
Export as new Build Order

ManlyManMeat Zerg 

Build Orders: Hatch First 

Get SALT Encoding   

  12  0:07  Overlord  
  12  0:13  Drone  
  13  0:19  Drone  
  14  0:27  Drone  
  15  0:32  Drone  
  16  0:44  Drone  
  17  0:52  Hatchery  
  17  0:55  Drone  
  17  1:03  Drone  
  18  1:12  Spawning Pool  
  18  1:16  Extractor  
  18  1:17  Drone  
  17  1:23  Drone  
  18  1:34  Drone  
  19  1:45  Drone  
  20  1:59  Drone  
  21  2:03  Queen  
  21  2:04  Overlord  
  21  2:05  Queen  
  25  2:09  Drone  
  26  2:15  Metabolic Boost  
  26  2:18  Overlord  
  26  2:21  Drone  
  28  2:30  Zergling x4  
  30  2:51  Zergling x4  
  30  2:55  Drone x2  
  33  3:06  Lair  
  33  3:11  Drone x3  
  36  3:19  Queen  
  38  3:24  Hatchery  
  37  3:29  Drone x4  
  41  3:37  Roach Warren  
  40  3:42  Drone x2  
  40  3:45  Overlord  
  40  3:48  Drone  
  43  4:05  Queen x2  
  47  4:16  Zergling x8  
  51  4:27  Hydralisk Den  
  51  4:31  Evolution Chamber  
  49  4:33  Evolution Chamber  
  49  4:35  Evolution Chamber  
  47  4:46  Drone x2  
  47  4:47  Drone x6  
  47  4:48  Overlord x2  
  55  5:03  Queen  
  55  5:06  Overlord x2  
  57  5:08  Drone x4  
  59  5:26  Hydralisk x5  
  66  5:28  Hydralisk  
  61  5:58  Spore Crawler  
  61  6:00  Spore Crawler  
  59  6:06  Drone x3  
  59  6:10  Queen  
  60  6:30  Spore Crawler  
  59  6:33  Spore Crawler  
  59  6:35  Spore Crawler  
  59  6:37  Spore Crawler  
  59  6:39  Spore Crawler, Drone x4  
  59  6:48  Queen  
  59  6:49  Queen  
  59  6:50  Queen  
  65  6:56  Hydralisk Den  
  65  6:58  Hydralisk Den  
  63  7:04  Extractor  
  52  7:34  Spore Crawler  
  45  7:53  Hydralisk  
  45  7:54  Hydralisk x2  
Show
View Real Time Build Order
Export as new Build Order

Renegade Protoss - Winner!

Build Orders:  

Get SALT Encoding   

  12  0:00  Probe  
  13  0:12  Probe  
  14  0:18  Pylon  
  14  0:24  Probe  
  15  0:38  Gateway  
  15  0:45  Assimilator  
  15  0:46  Probe  
  16  0:54  Probe  
  16  1:01  Assimilator  
  16  1:02  Probe  
  18  1:13  Probe  
  18  1:14  Forge  
  19  1:25  Probe  
  20  1:33  Probe  
  21  1:42  Probe  
  21  1:44  Cybernetics Core  
  21  1:46  Pylon  
  22  1:52  Photon Cannon  
  22  1:59  Probe  
  23  2:21  Stargate  
  23  2:32  Stargate  
  23  2:49  Photon Cannon  
  23  2:52  Pylon  
  23  3:07  Void Ray, Pylon  
  27  3:21  Void Ray  
  35  3:59  Void Ray, Nexus  
  35  4:16  Void Ray  
  39  4:28  Assimilator  
  39  4:32  Assimilator  
  39  4:37  Pylon  
  39  4:59  Void Ray  
  43  5:31  Void Ray  
  51  6:04  Probe  
  51  6:09  Void Ray  
  52  6:12  Probe  
  52  6:13  Photon Cannon  
  52  6:17  Photon Cannon  
  53  6:21  Void Ray  
  53  6:22  Probe  
  58  6:34  Probe  
  59  6:46  Probe  
  60  6:58  Probe  
  69  7:05  Void Ray x2  
  69  7:10  Probe  
  70  7:24  Probe  
Tags
 
Matchup
PvZ
Spawn Locations
Cross Positions
Add a new tag
Caveats
  • Supply blocks, unpowered buildings, or Contaminate may cause inaccurate times.
  • Supply counts are checked every 10 seconds.